 Dungeon Crawl Stone Soup version 0.21.0-22-g11d5b5247c (webtiles) character file.

1507 Nivada the Covered (level 8, 0/69 HPs)
             Began as a Minotaur Fighter on Jan 18, 2018.
             Was a Follower of Trog.
             Slain by an orc warrior
             ... wielding a +0 trident of freezing
              (2 damage)
             ... on level 6 of the Dungeon.
             The game lasted 00:35:17 (4335 turns).

Nivada the Covered (Minotaur Fighter)               Turns: 4335, Time: 00:35:18

Health: 0/69       AC:  8    Str: 29    XL:     8   Next: 53%
Magic:  7/7        EV:  9    Int:  5    God:    Trog [*.....]
Gold:   229        SH: 11    Dex:  9    Spells: 7/7 levels left

rFire    . . .     SeeInvis +   A - +4 flail (holy)
rCold    . . .     Gourm    .   c - +0 shield
rNeg     . . .     Faith    .   B - +1 scale mail {rPois}
rPois    +         Spirit   .   (helmet restricted)
rElec    .         Reflect  .   (no cloak)
rCorr    .         Harm     .   (no gloves)
MR       .....                  (no boots)
Stlth    ..........             g - amulet of magic regeneration
HPRegen  0.21/turn              b - ring of see invisible
MPRegen  0.35/turn              w - +5 ring of strength

@: no status effects
A: retaliatory headbutt, horns 2
a: Berserk, Burn Spellbooks, Renounce Religion


You were on level 6 of the Dungeon.
You worshipped Trog.
Trog was aware of your devotion.
You were hungry.

You visited 1 branch of the dungeon, and saw 6 of its levels.

You collected 229 gold pieces.

Inventory:

Hand Weapons
 A - a +4 flail of holy wrath (weapon)
Armour
 c - a +0 shield (worn)
 B - a +1 scale mail of poison resistance (worn)
Jewellery
 b - a ring of see invisible (left hand)
 g - an amulet of magic regeneration (around neck)
 w - a +5 ring of strength (right hand)
Wands
 a - a wand of iceblast (8)
 h - a wand of digging (5)
 s - a wand of flame (8)
 u - a wand of paralysis (10)
Scrolls
 i - 4 scrolls of remove curse
 m - a scroll of amnesia
 n - a scroll of noise {unknown}
 q - 4 scrolls of fear
 x - 2 scrolls of teleportation
Potions
 d - a potion of might
 e - a potion of curing
 j - a potion of flight {unknown}
 k - a potion of magic {unknown}
 l - 4 potions of heal wounds
 o - a potion of mutation {unknown}
 p - a potion of haste {unknown}
 t - a potion of brilliance {unknown}
Comestibles
 f - 8 rations
 v - 2 chunks of flesh


   Skills:
 + Level 5.4 Fighting
   Level 4.1(5.6) Axes
 + Level 4.6(5.4) Maces & Flails
   Level 3.5(4.5) Polearms
 + Level 2.4 Throwing
 + Level 6.9 Armour
 - Level 2.2 Dodging
 - Level 1.6 Stealth
 + Level 6.7 Shields
 - Level 1.0 Evocations


You had 7 spell levels left.
You didn't know any spells.

Dungeon Overview and Level Annotations

Branches:
Dungeon (6/15)
 Temple: D:4-7

Altars:
Dithmenos
Gozag
Qazlal
Ru
Trog
Vehumet
Yredelemnul


Innate Abilities, Weirdness & Mutations

You reflexively headbutt those who attack you in melee.
You have a pair of horns on your head.


Message History

The orc hits you with a club.
You sock the orc!
You kill the orc!
Trog accepts your kill.
The orc warrior hits you from afar with a trident of freezing!
* * * LOW HITPOINT WARNING * * *
The orc warrior freezes you.
* * * LOW HITPOINT WARNING * * *
The orc warrior hits you with a trident of freezing.
* * * LOW HITPOINT WARNING * * *
The orc warrior freezes you.
* * * LOW HITPOINT WARNING * * *
Things that are here:
a club; 15 stones; a ring mail You sock the orc warrior!
The orc warrior is moderately wounded.
The orc warrior hits you with a trident of freezing.
* * * LOW HITPOINT WARNING * * *
The orc warrior freezes you.
You die...

#. #.## ..# #)# #
#.# # #.#
############# #o#
..>.........# #o#
.###........# #@#
.###..#####.# #)#
......)..##.####(#
..##..##.........#
.###..#####.######
.....[......#
.############ ##


You could see an orc warrior and an orc wizard.

Vanquished Creatures
  Prince Ribbit (D:5)
  Sigmund (D:4)
  Edmund (D:5)
  Duvessa (D:4)
  2 centaurs
  Blork the orc (D:4)
  2 scorpions (D:4)
  Dowan (D:4)
  A howler monkey (D:4)
  A crimson imp (D:2)
  A bullfrog zombie (D:5)
  A hound (D:4)
  An orc priest (D:6)
  A bullfrog skeleton (D:4)
  An iguana (D:4)
  Terence (D:2)
  Ijyb (D:3)
  2 orc wizards
  A worker ant (D:5)
  8 gnolls (D:3)
  7 adders
  4 oozes
  2 worms (D:2)
  3 dart slugs
  7 leopard geckos
  5 orcs
  9 bats
  5 giant cockroaches
  4 hobgoblins
  7 kobolds
  3 quokkas
  5 frilled lizards
  8 goblins
  A leopard gecko skeleton (D:4)
  A rat (D:3)
  A bush (D:2)
102 creatures vanquished.

Notes
Turn   | Place    | Note
-------+----------+-------------------------------------------
     0 | D:1      | Nivada the Minotaur Fighter began the quest for the Orb.
     0 | D:1      | Reached XP level 1. HP: 19/19 MP: 0/0
   276 | D:1      | Reached XP level 2. HP: 25/27 MP: 1/1
   778 | D:2      | Reached XP level 3. HP: 33/33 MP: 2/2
   846 | D:2      | Reached XP level 4. HP: 40/40 MP: 3/3
   888 | D:2      | Found an opulent altar of Gozag.
  1037 | D:2      | Noticed Terence
  1049 | D:2      | Killed Terence
  1396 | D:2      | Found a radiant altar of Vehumet.
  1547 | D:3      | Reached XP level 5. HP: 40/46 MP: 4/4
  1551 | D:3      | Noticed Ijyb
  1564 | D:3      | Killed Ijyb
  1564 | D:3      | Reached skill level 1 in Throwing
  1652 | D:3      | Reached skill level 1 in Maces & Flails
  1665 | D:3      | Reached skill level 5 in Shields
  1813 | D:3      | Found a bloodstained altar of Trog.
  1821 | D:3      | Became a worshipper of Trog the Wrathful
  1893 | D:3      | Found a stormy altar of Qazlal.
  1936 | D:3      | Reached XP level 6. HP: 53/53 MP: 5/5
  2112 | D:3      | Found a shadowy altar of Dithmenos.
  2115 | D:3      | Found a sacrificial altar of Ru.
  2118 | D:3      | Found a basalt altar of Yredelemnul.
  2282 | D:4      | Noticed Blork the orc
  2295 | D:4      | Killed Blork the orc
  2295 | D:4      | Reached skill level 1 in Dodging
  2355 | D:4      | Reached skill level 5 in Armour
  2432 | D:4      | Reached skill level 1 in Polearms
  2432 | D:4      | Reached XP level 7. HP: 60/60 MP: 6/6
  2505 | D:4      | Noticed Dowan
  2506 | D:4      | Noticed Duvessa
  2516 | D:4      | Killed Dowan
  2521 | D:4      | Killed Duvessa
  2985 | D:4      | Reached skill level 1 in Stealth
  3040 | D:4      | Noticed Sigmund
  3059 | D:4      | Killed Sigmund
  3059 | D:4      | Reached skill level 5 in Fighting
  3472 | D:5      | Entered Level 5 of the Dungeon
  3532 | D:5      | Noticed Edmund
  3550 | D:5      | Killed Edmund
  3550 | D:5      | Reached skill level 1 in Evocations
  3550 | D:5      | Reached XP level 8. HP: 62/68 MP: 7/7
  3650 | D:5      | Reached * piety under Trog
  3672 | D:5      | Noticed Prince Ribbit
  3695 | D:5      | Killed Prince Ribbit
  4335 | D:6      | HP: 2/69 [orc warrior/trident of freezing (4)]
  4335 | D:6      | Slain by an orc warrior

Skill      XL: |  1  2  3  4  5  6  7  8 |
---------------+-------------------------+-----
Shields        | 4 5 6 |  6.7
Axes           | 3 4 |  4.1
Armour         | 4 5 6 |  6.9
Fighting       | 4 5 |  5.4
Throwing       | 1 2 |  2.4
Maces & Flails | 1 3 4 |  4.6
Dodging        | 1 2 |  2.2
Polearms       | 1 3 |  3.5
Stealth        | 1 |  1.6
Evocations     | 1 |  1.0

Action                   |  1- 3 |  4- 6 |  7- 9 || total
-------------------------+-------+-------+-------++-------
Melee: War axe           |    47 |    26 |       ||    73
       Headbutt          |    10 |    51 |    20 ||    81
       Mace              |       |   132 |       ||   132
       Spear             |       |    23 |    58 ||    81
       Flail             |       |       |    44 ||    44
Throw: Tomahawk          |     4 |    31 |       ||    35
Evoke: Wand              |       |     4 |     2 ||     6
  Use: Scroll            |     3 |     5 |     2 ||    10
 Stab: Paralysed         |       |     3 |       ||     3
  Eat: Ration            |       |     2 |       ||     2
       Chunk             |       |     1 |     3 ||     4
Armor: Scale mail        |    18 |     9 |    10 ||    37
       Chain mail        |       |    57 |    16 ||    73
Dodge: Dodged            |     7 |    40 |    24 ||    71
Block: Shield            |    21 |    63 |    45 ||   129
